 Dungeon Crawl Stone Soup version 0.19-a0-1568-gdd01aac (webtiles) character file.

1533 TheGoonsmith the Sneak (level 8, -6/42 HPs)
             Began as a Vine Stalker Enchanter on Sept 15, 2016.
             Was an Initiate of Ru.
             Mangled by an orc warrior
             ... wielding a +0 long sword
              (16 damage)
             ... on level 7 of the Dungeon.
             The game lasted 00:15:15 (6490 turns).

TheGoonsmith the Sneak (Vine Stalker Enchanter)     Turns: 6490, Time: 00:15:15

Health: -6/42      AC:  9    Str: 10 (13) XL:     8   Next: 85%
Magic:  0/12       EV: 12    Int: 14 (15) God:    Ru [......]
Gold:   174        SH:  0    Dex: 16 (17) Spells: 2 memorised, 5 levels left

rFire  . . .     SeeInvis .     l - +4 dagger (vamp)
rCold  . . .     Gourm    .     b - +1 robe
rNeg   . . .     Faith    .     (no shield)
rPois  .         Spirit   +     x - +0 helmet
rElec  .         Dismiss  .     p - +2 cloak
rCorr  .         Reflect  .     (no gloves)
MR     +....     Harm     .     (no boots)
Stlth  ++++......               (no amulet)
                                (no ring)
                                (no ring)

@: no status effects
A: fangs 3, iridescent scales 1, sense surroundings 1, regeneration 1, strong 1,
magic shield, antimagic bite, no device heal 3, rot immunity
a: Renounce Religion


You were on level 7 of the Dungeon.
You worshipped Ru.
Ru was noncommittal.
You were not hungry.

You visited 2 branches of the dungeon, and saw 8 of its levels.

You collected 360 gold pieces.
You spent 186 gold pieces at shops.

Inventory:

Hand Weapons
 a - a +1 dagger
 l - a +4 vampiric dagger (weapon)
Missiles
 d - 4 javelins (quivered)
 m - 8 needles of sleeping
 v - 8 tomahawks
 w - 2 throwing nets
Armour
 b - a +1 robe (worn)
 p - a +2 cloak (worn)
 s - a cursed +0 shield
 x - a +0 helmet (worn)
Jewellery
 q - an uncursed ring of ice
Wands
 t - a wand of random effects (34/48)
 A - a wand of paralysis (6/24)
Scrolls
 e - 2 scrolls of fog
 h - 4 scrolls of teleportation
 k - a scroll of noise
 r - 2 scrolls of identify
 y - a scroll of remove curse
 D - a scroll of amnesia
Potions
 f - a potion of ambrosia
 i - 2 potions of curing
 j - 5 potions of resistance
 n - 2 potions of lignification
 o - a potion of brilliance
 G - a potion of invisibility
Books
 c - a book of Maledictions

   Spells                             Type                      Level
   a - Corona                         Hexes                        1
   b - Ensorcelled Hibernation        Hexes/Ice                    2
   c - Confuse                        Hexes                        3
   d - Tukima's Dance                 Hexes                        3
   e - Dazzling Spray                 Conjuration/Hexes            3
 E - a Fen Folio

   Spells                             Type                      Level
   a - Corpse Rot                     Necromancy                   2
   b - Stone Arrow                    Conjuration/Earth            3
   c - Leda's Liquefaction            Hexes/Earth                  4
   d - Summon Forest                  Summoning/Translocation      5
   e - Hydra Form                     Transmutation                6
   f - Summon Hydra                   Summoning                    7
 F - a book of Changes

   Spells                             Type                      Level
   a - Beastly Appendage              Transmutation                1
   b - Sticks to Snakes               Transmutation                2
   c - Spider Form                    Transmutation/Poison         3
   d - Ice Form                       Ice/Transmutation            4
   e - Blade Hands                    Transmutation                5
Comestibles
 g - 5 fruits
 z - 3 chunks of flesh
 B - a meat ration
 C - a beef jerky


   Skills:
 + Level 4.6 Fighting
 * Level 7.1 Short Blades
 - Level 1.5 Dodging
 + Level 7.7 Stealth
 - Level 2.1 Spellcasting
 - Level 3.0 Hexes


You had 5 spell levels left.
You knew the following spells:

 Your Spells              Type           Power        Failure   Level  Hunger
b - Tukima's Dance        Hex            #.......     21%         3    ###....
c - Confuse               Hex            #.......     21%         3    ###....


Dungeon Overview and Level Annotations

Branches:
Dungeon (7/15)             Temple (1/1) D:6

Altars:
Cheibriados
Elyvilon
Fedhas
Hepliaklqana
Kikubaaqudgha
Makhleb
Nemelex Xobeh
Okawaru
Qazlal
Ru
Sif Muna
Trog
Vehumet
Xom
Zin
The Shining One

Shops:
D:4 ?[


Innate Abilities, Weirdness & Mutations

You have razor-sharp teeth.
Your natural rate of healing is unusually fast.
When hurt, damage is shared between your health and your magic reserves.
Your bite disrupts and absorbs the magic of your enemies.
Potions and wands cannot restore your health.
You are immune to rotting.
You are partially covered in iridescent scales. (AC +2)
You passively map a small area around you.
Your muscles are strong. (Str +2)


Message History

The orc warrior hits you with a long sword.
You hit the orc warrior but do no damage.
The orc warrior is severely wounded.
You closely miss the orc warrior. Your bite misses the orc warrior.
The orc warrior is severely wounded.
The orc warrior hits you with a long sword.
You hit the orc warrior.
The orc warrior is almost dead.
You hit the orc warrior but do no damage.
The orc warrior is almost dead.
The orc warrior hits you with a long sword!
* * * LOW HITPOINT WARNING * * *
You are too injured to fight recklessly!
You hit the orc warrior but do no damage.
You bite the orc warrior, but do no damage.
The orc warrior is almost dead.
You barely miss the orc warrior.
The orc warrior is almost dead.
The orc warrior hits you with a long sword!!
You die...

#...##...>+..................
###.#######......#.......#.#.
##'## #......#.####.##'#.
#...### #......#......#....
#.....#########.....####....
#.............#<....'.......
#...[.........#.....###.....
#.............#.....# #.o...
#...#......@o.....(.# #.....
#...###.............###.###.
#...# #.................# #.
#...# #.................# #.
#...# #.........####....# #.
#...# #.........# #....# #.
########.........####....# #.
#......................#####.
#........#######.............


You could see an orc warrior.

Vanquished Creatures
  Eustachio (D:4)
  Edmund (D:4)
  An ice beast (D:5)
  An ogre (D:5)
  2 bullfrogs
  A wyvern skeleton (D:6)
  A scorpion (D:2)
  A howler monkey (D:4)
  2 wights (D:5)
  3 hounds
  4 orc priests
  3 iguanas
  Terence (D:2)
  4 orc wizards
  2 worker ants
  A hound zombie (D:7)
  Robin (D:4)
  3 gnolls
  5 adders
  A shadow imp (D:5)
  An ooze (D:3)
  An adder skeleton (D:5)
  2 worms
  12 dart slugs
  3 leopard geckos
  35 orcs
  8 bats
  2 giant cockroaches
  14 goblins
  12 hobgoblins
  4 jackals
  3 kobolds
  A quokka (D:4)
  4 ball pythons
  6 frilled lizards
  A jackal skeleton (D:4)
  11 rats
159 creatures vanquished.

Notes
Turn   | Place    | Note
-------+----------+-------------------------------------------
     0 | D:1      | TheGoonsmith the Vine Stalker Enchanter began the quest for the Orb.
     0 | D:1      | Reached XP level 1. HP: 9/9 MP: 4/4
    25 | D:1      | Reached skill level 1 in Short Blades
    78 | D:1      | Reached XP level 2. HP: 14/14 MP: 6/6
   205 | D:1      | Reached skill level 1 in Fighting
   769 | D:2      | Reached XP level 3. HP: 18/18 MP: 7/7
   826 | D:2      | Noticed Terence
   839 | D:2      | Killed Terence
   853 | D:2      | Noticed Sigmund
  1047 | D:3      | Gained mutation: Your natural rate of healing is unusually fast. [Vine Stalker growth]
  1047 | D:3      | Reached XP level 4. HP: 23/23 MP: 8/8
  1052 | D:3      | Learned a level 3 spell: Tukima's Dance
  1056 | D:3      | Learned a level 3 spell: Confuse
  1309 | D:3      | Reached XP level 5. HP: 22/26 MP: 9/9
  1426 | D:2      | Found a hazy altar of Hepliaklqana.
  1482 | D:2      | Noticed Sigmund
  1482 | D:2      | Sigmund changed into Sigmund the scorpion
  1501 | D:2      | Killed Sigmund the scorpion
  1666 | D:2      | Found a blossoming altar of Fedhas.
  1726 | D:2      | Reached XP level 6. HP: 30/30 MP: 10/10
  1881 | D:2      | Reached skill level 5 in Stealth
  2853 | D:4      | HP: 1/32 [orc wizard/puff of flame (6)]
  3351 | D:4      | Noticed Edmund
  3438 | D:4      | HP: 1/32 [Edmund/flail of holy wrath (9)]
  3440 | D:4      | Killed Edmund
  3440 | D:4      | Reached XP level 7. HP: 2/36 MP: 3/11
  3516 | D:4      | Reached skill level 5 in Short Blades
  3617 | D:4      | Noticed Robin
  3643 | D:4      | Killed Robin
  3779 | D:4      | Found a glowing silver altar of Zin.
  3780 | D:4      | Found an iron altar of Okawaru.
  3796 | D:4      | Found Wier's Armour Boutique.
  3901 | D:4      | Found Taomam's Magic Scroll Shoppe.
  3911 | D:4      | Bought a scroll of blinking for 90 gold pieces
  3911 | D:4      | Bought a scroll of teleportation for 36 gold pieces
  3911 | D:4      | Bought a scroll of teleportation for 36 gold pieces
  3911 | D:4      | Bought a scroll of identify for 24 gold pieces
  4384 | D:5      | Entered Level 5 of the Dungeon
  4396 | D:5      | Noticed Eustachio
  4509 | D:5      | Gained mutation: You have razor-sharp teeth. [Vine Stalker growth]
  4509 | D:5      | Reached XP level 8. HP: 27/42 MP: 6/12
  4793 | D:4      | Killed Eustachio
  4834 | D:4      | HP: 2/42 [gnoll sergeant/trident (5)]
  4932 | D:3      | Gained mutation: You are partially covered in iridescent scales. (AC +2) [potion of mutation]
  4932 | D:3      | Gained mutation: Your muscles are strong. (Str +2) [potion of mutation]
  4932 | D:3      | Gained mutation: You passively map a small area around you. [potion of mutation]
  5400 | D:6      | Found a deep blue altar of Sif Muna.
  5473 | D:6      | Found a shimmering altar of Xom.
  5483 | D:6      | Found a sparkling altar of Nemelex Xobeh.
  5539 | D:6      | Found a staircase to the Ecumenical Temple.
  5548 | Temple   | Entered the Ecumenical Temple
  5639 | Temple   | Became a worshipper of Ru the Awakened
  6490 | D:7      | Mangled by an orc warrior

Vault maps used:
D:1:      minmay_arrival_cross, serial_bayou_pond_b
D:2:      fedhas_altar_2, nicolae_overflow_crystal_walls, uniq_terence,
          uniq_sigmund
D:4:      gammafunk_temple_overflow_pools, first_bread, serial_shops,
          kennysheep_mini_moat, nicolae_shop_waterfront, uniq_edmund, uniq_robin
D:5:      kennysheep_slugbush, sword_in_stone
D:6:      kennysheep_little_box, lemuel_round_altar, basic_altar
D:7:      nicolae_ru_sacrificial_ziggurat
Temple:   eino_temple_lava

Skill      XL: |  1  2  3  4  5  6  7  8 |
---------------+-------------------------+-----
Short Blades   | 1 2 3 4 5 7 |  7.1
Fighting       | 1 2 3 4 |  4.6
Stealth        | 4 5 6 7 |  7.7
Dodging        | |  1.5
Spellcasting   | |  2.1
Hexes          | |  3.0

Action                   |  1- 3 |  4- 6 |  7- 9 || total
-------------------------+-------+-------+-------++-------
Melee: Dagger            |    82 |   348 |   331 ||   761
       Bite              |    14 |    81 |    89 ||   184
Evoke: Wand              |       |     3 |       ||     3
  Use: Scroll            |       |     8 |     8 ||    16
       Potion            |       |     2 |     6 ||     8
 Stab: Sleeping          |    11 |    10 |     8 ||    29
  Eat: Chunk             |       |     8 |     2 ||    10
       Bread ration      |       |     1 |     1 ||     2
       Meat ration       |       |       |     1 ||     1
Armor: Robe              |    17 |    73 |    58 ||   148
Dodge: Dodged            |    56 |   191 |   156 ||   403
